woodfighter, chaotic female orcish Cavewoman ---- -------------------- ...---- ---- |............@.....| -.....- |..} --------------Q..- - |......---.}}} |..-- ...Q..... ........}}. ---...-----.....Q.-- -....}.}.---...............--- |..../}......--------+--...- |...}}}}.....|%%%%%| |... |..}}}}}.....|%]%% |.|.. |.}}}}}}.....|... |. --- |.}}}}}.(....--|---- |. |..}}}}}.......[...| |.| |.}}}}}}}..........--+--.| -.}}}}}}}-+---)-.........| ....}}..}}}} |..|......<..| |...}}..}}}} |..|....----.| |..}.}..=}}} -------...-- --- |.}}}....}}}................| |}}}.....}} --- |...---..--- }}}.---.}}} --..| .| |}}-- ---} ---- -- woodfighter the Young Cave Woman Experience level: 6 Strength: 18/04 Dexterity: 15 Constitution: 14 Intelligence: 7 Wisdom: 10 Charisma: 7 Health: 0(34) Energy: 21(21) Def: 2 Gold: 230 Moves: 2047 Dungeon seed: r0BPvQLR6Ttii7Eo Game ID: woodfighter_1475496139 Your Inventory: Coins $ - 230 gold pieces Amulets o - an uncursed amulet of life saving Weapons a - a +1 club (weapon in hand) b - a +2 sling (alternate weapon; not wielded) k - 2 +0 dwarvish spears Armor n - an uncursed +0 orcish helm q - an uncursed +0 leather armor (being worn) B - an uncursed +0 pair of iron shoes C - a cursed +0 dwarvish cloak D - a cursed +0 dwarvish iron helm F - an uncursed +0 dwarvish cloak K - a cursed -1 dwarvish cloak N - an uncursed +0 dwarvish cloak Y - an uncursed +0 dwarvish iron helm Comestibles c - an uncursed tripe ration d - an uncursed tin of goblin meat f - 2 uncursed lichen corpses A - an uncursed mango Scrolls h - a cursed scroll of magic mapping i - an uncursed scroll of stinking cloud l - 2 uncursed scrolls of identify p - an uncursed scroll of scare monster v - a blessed scroll of create monster x - an uncursed scroll of create monster H - an uncursed scroll of enchant weapon I - an uncursed scroll of earth Spellbooks g - an uncursed spellbook of blank paper s - an uncursed spellbook of confuse monster Potions m - an uncursed potion of gain ability u - a potion of holy water Rings j - an uncursed ring of slow digestion z - a cursed ring of polymorph Wands r - a wand of enlightenment (0:14) Tools y - a bag of tricks (0:6) G - an uncursed tallow candle (0:200) J - a can of grease (0:9) Gems e - 11 uncursed flints (in quiver) Spells and supernatural/magical abilities: Name Level Category Fail Memory W - pray for help -- divine ? -- Your skills at the end: Miscellaneous Skills bare handed combat [Basic] Weapon Skills scimitar [Basic] club [Basic] sling [Basic] Spellcasting Skills Final Attributes: You were piously aligned. You were poison resistant. You had infravision. You are dead. Vanquished creatures: a small mimic a fog cloud 2 gnome lords a gnomish wizard a floating eye 2 kittens 4 dwarves an iguana a jitterbug a hobbit an acid blob a large kobold a gecko a giant rat a cave spider a yellow mold 12 gnomes 2 garter snakes 2 jackals a kobold 4 newts a goblin 4 sewer rats 3 lichens 50 creatures vanquished. Voluntary challenges: You did not adorn yourself with jewelry or accessories. You did not cause conflict. You were not invisible. You did not have reflection. You were not displaced. You were an atheist. You used a wielded weapon 62 times, starting on turn 146. You did not use containers. You did not apply a unicorn horn. You did not use plumbed fixtures. You did not drink any magical draughts. You were illiterate. You never genocided any monsters. You never polymorphed an object. You never changed form. You used no wishes. You never split a pudding. You never wrote Elbereth's name. You never violated your personal moral code. Dungeon overview: The Dungeons of Doom: levels 1 to 5 Level 1 a fountain a long staircase Level 2 a general store, a fountain Level 3 a jewelry store Level 4 a scroll shop stairs to The Gnomish Mines Level 5 The Gnomish Mines: levels 5 to 8 Level 5 stairs to The Dungeons of Doom Level 6 Level 7 Level 8 <- You were here a delicatessen History has recorded: On T:1 you entered the Dungeons of Doom to retrieve the Amulet of Yendor! On T:388 you reached level 2 of The Dungeons of Doom. On T:821 you reached level 3 of The Dungeons of Doom. On T:822 you advanced to experience level 2. On T:848 you advanced to experience level 3. On T:1023 you reached level 4 of The Dungeons of Doom. On T:1081 you advanced to experience level 4. On T:1286 you reached level 5 of The Dungeons of Doom. On T:1362 you reached level 1 of The Gnomish Mines. On T:1547 you advanced to experience level 5. On T:1699 you reached level 2 of The Gnomish Mines. On T:1774 you reached level 3 of The Gnomish Mines. On T:1985 you reached level 4 of The Gnomish Mines. On T:2009 you advanced to experience level 6. Score breakdown: Gold: 230 ( 23 points) Experience: 6 levels ( 500 points) Exploration: 8 levels ( 210 points) Discoveries: 25 items ( 1250 points) Variety of kills: 24 monsters ( 1200 points) Major goal: (nothing yet) ( 0 points) Survival: died (score multiplied by 3) Total score: 9549 Latest messages: You hit the dwarf! The dwarf wields a pick-axe! You hit the dwarf! You feel more confident in your weapon skills. You kill the dwarf! You have a little trouble lifting K - a hooded cloak. There are a few more objects here. Your movements are slowed slightly because of your load. There is an open door here. You see here a cursed dagger. This door is locked. The Woodland-elf wields a runed bow! The Woodland-elf shoots 2 runed arrows! The 1st runed arrow hits the Woodland-elf! The 2nd runed arrow hits the Woodland-elf! The Woodland-elf wields a runed bow! You hit the quantum mechanic! The quantum mechanic punches you! Your position suddenly seems very uncertain! The Woodland-elf zaps a balsa wand! The magic missile hits you! The magic missile bounces! You hit the Woodland-elf! The Woodland-elf zaps a wand of magic missile! The magic missile hits you! You die... Final status: Goodbye woodfighter the Cavewoman, killed by a magic missile... You died in The Gnomish Mines on dungeon level 8 with 9549 points, and 230 pieces of gold, after 2047 moves. You were level 6 with a maximum of 34 hit points when you died.